 Dungeon Crawl Stone Soup version 0.26-a0-639-g72c4674329 (webtiles) character file.

Game seed: 14424492232385618703

177 Apogee the Magician (level 5, 0/28 HPs)
             Began as a Deep Elf Fire Elementalist on Sept 18, 2020.
             Slain by a gnoll
             ... wielding a +0 spear
              (5 damage)
             ... on level 4 of the Dungeon.
             The game lasted 00:03:30 (2020 turns).

Apogee the Magician (Deep Elf Fire Elementalist)    Turns: 2020, Time: 00:03:31

Health: 0/28       AC:  3    Str:  1    XL:     5   Next: 31%
Magic:  0/14       EV: 13    Int: 21    God:
Gold:   54         SH:  0    Dex: 15    Spells: 4/13 levels left

rFire    . . .     SeeInvis .   j - +0 dagger
rCold    . . .     Faith    .   (no shield)
rNeg     . . .     Spirit   .   a - +0 robe
rPois    .         Reflect  .   (no helmet)
rElec    .         Harm     .   (no cloak)
rCorr    .         Rampage  .   (no gloves)
MR       .....                  c - +0 pair of boots
Stlth    ++........             (no amulet)
HPRegen  0.09/turn              m - -4 ring of strength (curse)
MPRegen  0.14/turn              (no ring)

@: no status effects
A: no striking features
a: no special abilities


You were on level 4 of the Dungeon.
You visited 1 branch of the dungeon, and saw 3 of its levels.

You collected 54 gold pieces.

Inventory:

Hand Weapons
 j - a +0 dagger (weapon)
   (You took it off a goblin on level 1 of the Dungeon)
Missiles
 d - 31 stones (quivered)
Armour
 a - a +0 robe (worn)
 c - a +0 pair of boots (worn)
   (You found it on level 1 of the Dungeon)
Jewellery
 m - a cursed -4 ring of strength (left hand)
   (You found it on level 2 of the Dungeon)
Wands
 v - a wand of digging (5)
   (You took it off Natasha on level 2 of the Dungeon)
Scrolls
 b - 2 scrolls of identify {unknown}
 e - a scroll of fog {unknown}
 i - a scroll of remove curse {unknown}
 l - a scroll of teleportation {unknown}
Potions
 f - a potion of cancellation {unknown}
 g - a potion of ambrosia {unknown}
 h - a potion of heal wounds {unknown}
 k - 4 potions of brilliance {unknown}


   Skills:
 - Level 2.4 Dodging
 - Level 2.4 Stealth
 + Level 4.9 Spellcasting
 + Level 3.3 Conjurations
 + Level 4.7 Fire Magic


You had 4 spell levels left.
You knew the following spells:

 Your Spells              Type           Power        Failure   Level
a - Foxfire               Conj/Fire      ###.         1%          1
b - Blink                 Tloc           N/A          17%         2
q - Sticky Flame          Conj/Fire      ###.....     21%         4
x - Call Imp              Summ           #.......     17%         2

Your spell library contained the following spells:

 Spells                   Type           Power        Failure   Level
 Magic Dart               Conj           ###.         2%          1
 Conjure Flame            Conj/Fire      ###.....     6%          3
 Inner Flame              Hex/Fire       ###.....     12%         3
 Slow                     Hex            #.......     17%         2
 Mephitic Cloud           Conj/Pois/Air  #.......     21%         3
 Fireball                 Conj/Fire      ###.......   50%         5


Dungeon Overview and Level Annotations

Branches:
Dungeon (2/15)

Altars:
Elyvilon


Message History

You conjure some foxfire!
The foxfire hits the adder skeleton. x2
You conjure some foxfire!
The foxfire hits the adder skeleton. x2
You destroy the adder skeleton!
You conjure some foxfire!
The foxfire hits the gnoll.
A gnoll shaman comes into view. It is wielding a +0 club.
You conjure some foxfire!
The foxfire hits the gnoll but does no damage.
The foxfire hits the gnoll.
A gnoll comes into view. It is wielding a +0 spear.
The foxfire hits the gnoll!
You kill the gnoll!
You have reached level 5!
You conjure some foxfire!
The foxfire hits the gnoll but does no damage.
You conjure some foxfire!
The foxfire hits the gnoll. x2
The gnoll shaman calls upon its god to heal the gnoll.
The gnoll is healed somewhat.
The foxfire hits the gnoll.
You conjure some foxfire!
The foxfire hits the gnoll!
You kill the gnoll!
An orc comes into view. It is wielding a +0 hand axe.
You conjure some foxfire!
The foxfire hits the gnoll shaman but does no damage.
The foxfire hits the gnoll shaman.
The foxfire hits the gnoll shaman!
You conjure some foxfire!
The foxfire hits the gnoll shaman.
A gnoll comes into view. It is wielding a -2 club.
You conjure some foxfire!
The foxfire hits the gnoll shaman.
The foxfire hits the gnoll shaman but does no damage. x2
The gnoll shaman calls upon its god to speed up the gnoll.
The gnoll seems to speed up.
The gnoll barely misses you.
You conjure some foxfire!
The gnoll hits you but does no damage.
The gnoll shaman mumbles some strange prayers to its god.
The gnoll shaman is healed somewhat.
The gnoll misses you.
You conjure some foxfire!
The foxfire hits the gnoll shaman. x3
You kill the gnoll shaman!
The gnoll barely misses you.
The foxfire hits the orc!
You kill the orc!
The gnoll hits you from afar with a +0 spear.
You see here a ring mail.
The gnoll hits you from afar with a +0 spear!
* * * LOW HITPOINT WARNING * * *
The gnoll misses you.
You see here a ring mail.
You don't have enough magic to cast that spell.
Okay, then.
You conjure some foxfire!
The gnoll hits you with a +0 spear!
* * * LOW HITPOINT WARNING * * *
The gnoll barely misses you.
You conjure some foxfire!
The gnoll hits you with a +0 spear.
You die...

##
####.#########..
#....v@g.)†)....
##...vvg..).....
####.#######...
### >


You could see 2 gnolls.

Vanquished Creatures
  A gnoll shaman (D:4)
  Natasha (thrice) (D:2)
  2 gnolls (D:4)
  An adder (D:2)
  An adder skeleton (D:4)
  2 dart slugs (D:1)
  An orc (D:4)
  3 giant cockroaches
  7 goblins
  4 hobgoblins (D:1)
  2 jackals (D:1)
  5 kobolds
  3 bats (D:1)
  2 frilled lizards (D:1)
  7 rats (D:1)
44 creatures vanquished.

Vanquished Creatures (others)
  167 foxfires
167 creatures vanquished.

Grand Total: 211 creatures vanquished

Notes
Turn   | Place    | Note
-------+----------+-------------------------------------------
     0 | D:1      | Apogee the Deep Elf Fire Elementalist began the quest for
                  | the Orb.
     0 | D:1      | Reached XP level 1. HP: 10/10 MP: 6/6
   314 | D:1      | Reached XP level 2. HP: 15/15 MP: 2/8
  1123 | D:1      | Reached XP level 3. HP: 19/19 MP: 3/10
  1448 | D:2      | Noticed Natasha
  1453 | D:2      | Killed Natasha
  1506 | D:2      | Noticed Natasha
  1513 | D:2      | Killed Natasha
  1513 | D:2      | Reached XP level 4. HP: 11/24 MP: 4/12
  1514 | D:2      | Noticed Natasha
  1525 | D:2      | Killed Natasha
  1832 | D:2      | Learned a level 2 spell: Blink
  1835 | D:2      | Learned a level 2 spell: Call Imp
  1840 | D:2      | Learned a level 4 spell: Sticky Flame
  1870 | D:2      | Found a white marble altar of Elyvilon.
  2001 | D:2      | You fall into a shaft and drop 2 floors!
  2006 | D:4      | Reached XP level 5. HP: 28/28 MP: 8/14
  2020 | D:4      | Slain by a gnoll

Illustrated notes

Levels and vault maps discovered:
D:1:      heliophobic_arrival_battle_scene, layout_loops_ring, minmay_tromino_i4
D:2:      layout_loops_ring, lemuel_coloured_pillars_altar, uniq_natasha
D:4:      layout_layer_cave, okawaru_altar_gauntlet_db, enter_ossuary_1,
          serial_shops, shop, lemuel_altar_in_water

Skill      XL: |  1  2  3  4 |
---------------+-------------+-----
Conjurations   | 2 3 |  3.3
Spellcasting   | 4 |  4.9
Fire Magic     | 4 |  4.7
Dodging        | |  2.4
Stealth        | |  2.4

Action                   |  1- 3 |  4- 6 || total
-------------------------+-------+-------++-------
Melee: Unarmed           |    15 |       ||    15
 Cast: Foxfire           |    89 |    36 ||   125
Armor: Robe              |     6 |     2 ||     8
Dodge: Dodged            |    18 |     6 ||    24

Table legend: (Time is in decaauts)
 A = Elapsed time spent in this place.
 B = Non-inter-level travel time spent in this place.
 C = Inter-level travel time spent in this place.
 D = Time resting spent in this place.
 E = Time spent auto-exploring this place.
 F = Levels seen in this place.
 G = Mean time per level.
                   A        B        C        D        E       F      G
               +--------+--------+--------+--------+--------+-----+--------+
         Total |   2017 |   1976 |     41 |    161 |   1529 |   3 |  672.3 |
       Dungeon |   2017 |   1976 |     41 |    161 |   1529 |   3 |  672.3 |
               +--------+--------+--------+--------+--------+-----+--------+

Top non-repeatable levels by time:
     D:1: 1383 daAuts
     D:2: 615 daAuts
     D:4: 18 daAuts
